 Dungeon Crawl Stone Soup version 0.24.1-8-ga250c9d538 (webtiles) character file.

Game seed: 7969912812932864776, levelgen mode: deterministic

1201 jinete the Thaumaturge (level 8, 0/43 HPs)
             Began as a Deep Elf Wizard on May 1, 2020.
             Was an Initiate of Vehumet.
             Slain by a sky beast (5 damage)
             ... on level 6 of the Dungeon on May 2, 2020.
             The game lasted 01:08:03 (9027 turns).

jinete the Thaumaturge (Deep Elf Wizard)            Turns: 9027, Time: 01:08:04

Health: 0/43       AC:  4    Str:  4    XL:     8   Next: 21%
Magic:  10/22      EV: 14    Int: 26    God:    Vehumet [......]
Gold:   137        SH:  3    Dex: 13    Spells: 11/24 levels left

rFire    . . .     SeeInvis .   s - +1 short sword (protect)
rCold    . . .     Gourm    .   (no shield)
rNeg     . . .     Faith    .   z - +0 robe
rPois    .         Spirit   .   e - +0 helmet
rElec    .         Reflect  +   f - scarf {repulsion}
rCorr    .         Harm     .   (no gloves)
MR       .....                  D - +0 pair of boots
Stlth    ++........             C - +3 amulet of reflection
HPRegen  0.14/turn              (no ring)
MPRegen  0.18/turn              (no ring)

@: about to teleport, very slightly contaminated, repel missiles
A: no striking features
a: Renounce Religion


You were on level 6 of the Dungeon.
You worshipped Vehumet.
Vehumet was noncommittal.
You were not hungry.

You visited 2 branches of the dungeon, and saw 7 of its levels.

You collected 273 gold pieces.
You spent 136 gold pieces at shops.

Inventory:

Hand Weapons
 c - the +11 trident of the Dungeon {elec, rF+ rC+ MR+ Int-2, unknown}
   (You found it on level 5 of the Dungeon)

   Occasionally, upon striking a foe, it will discharge some electrical energy
   and cause terrible harm.
   It affects your intelligence (-2).
   It protects you from fire.
   It protects you from cold.
   It affects your resistance to hostile enchantments.
 s - a +1 short sword of protection (weapon)
 A - a +2 hunting sling of freezing
 E - a +3 long sword
Missiles
 n - 8 boomerangs (quivered)
 B - 109 stones
Armour
 a - a +0 robe
 e - a +0 helmet (worn)
 f - a scarf of repulsion (worn)
 r - a +0 cloak
 z - a +0 robe (worn)
 D - a +0 pair of boots (worn)
Jewellery
 C - a +3 amulet of reflection (around neck)
Wands
 v - a wand of flame (13)
 G - a wand of random effects (8)
Scrolls
 j - a scroll of teleportation
 k - 2 scrolls of magic mapping
 l - 3 scrolls of amnesia
 o - a scroll of fog
 q - 3 scrolls of enchant armour
 t - a scroll of enchant weapon
 x - 3 scrolls of identify
 I - 2 scrolls of blinking
Potions
 b - a potion of magic {unknown}
 g - 2 potions of mutation {unknown}
 h - 2 potions of haste {unknown}
 i - 2 potions of flight {unknown}
 m - 3 potions of curing
 p - 3 potions of invisibility
 u - a potion of might {unknown}
 w - a potion of cancellation {unknown}
 F - 2 potions of resistance {unknown}
 H - a potion of degeneration {unknown}
Comestibles
 d - 11 rations


   Skills:
 + Level 1.0 Fighting
 + Level 1.1 Short Blades
 + Level 3.8 Dodging
 + Level 3.6 Stealth
 + Level 8.9 Spellcasting
 * Level 4.9 Conjurations
 + Level 5.5 Summonings
 + Level 1.1 Translocations


You had 11 spell levels left.
You knew the following spells:

 Your Spells              Type           Power        Failure   Level  Hunger
a - Magic Dart            Conj           ####         1%          1    None
b - Blink                 Tloc           N/A          4%          2    None
c - Call Imp              Summ           #####...     1%          2    None
d - Conjure Flame         Conj/Fire      ###.....     5%          3    None
e - Mephitic Cloud        Conj/Pois/Air  ###.....     8%          3    None
f - Animate Skeleton      Necr           N/A          5%          1    None
g - Confusing Touch       Hex            ##....       5%          1    None

Your spell library contained the following spells:

 Spells                   Type           Power        Failure   Level  Hunger
 Summon Small Mammal      Summ           ####         1%          1    None
 Apportation              Tloc           ###...       3%          1    None
 Slow                     Hex            ##......     8%          2    None


Dungeon Overview and Level Annotations

Branches:
Dungeon (6/15)             Temple (1/1) D:5

Altars:
Elyvilon
Fedhas
Gozag
Makhleb
Ru
Trog
Vehumet
Wu Jian

Shops:
D:4 [!*=

Annotations:
D:6 2 transporters, peterlawrence's ghost, novice MiFi


Message History

Reactivating autopickup.
There is a stone staircase leading down here.
Something barely misses you. The centaur barely misses you.
You climb downwards.
Level annotation: 2 transporters, peterlawrence's ghost, novice MiFi Your crimson imp disappears in a puff of smoke!
Your white imp disappears in a puff of smoke!
There is a stone staircase leading up, spattered with blood here.
You see here 2 arrows.
Casting: Mephitic Cloud (safe; 8% risk of failure)
Confirm with . or Enter, or press ? or * to list all spells.
A beastly little devil appears in a puff of flame.
Something hits you. Something shocks you.
* * * LOW HITPOINT WARNING * * *
Deactivating autopickup; reactivate with Ctrl-A.
As you read the scroll of teleportation, it crumbles to dust.
You feel strangely unstable. Something hits you.
* * * LOW HITPOINT WARNING * * *
Something shocks you.
You die...

# ..###### .......###
#.##...((# #
#.##.....#
##.####......@.# ..
...#.##..{5.#
...##.#.##..(..#
#.....(c.###.#.###
#.....)≈(.((.....#
####.###...###.#.#.#
...........####.#.#.#
.###..##>.........#.#
.# #..##†#.##..#..#.#


You could see a friendly crimson imp.

Vanquished Creatures
  A scorpion (D:5)
  A wight (D:4)
  A howler monkey (D:6)
  A hound (D:6)
  A jelly (D:5)
  2 centaur skeletons (D:4)
  An orc wizard (D:4)
  A worker ant (D:5)
  4 adders
  An adder zombie (D:5)
  An adder skeleton (D:4)
  A worm (D:2)
  2 dart slugs (D:1)
  3 leopard geckos
  An orc (D:6)
  A ball python (D:1)
  3 giant cockroaches
  A goblin (D:3)
  3 hobgoblins
  A kobold (D:1)
  A quokka (D:3)
  5 bats (D:1)
  3 frilled lizards
  A giant cockroach zombie (D:5)
  4 rats
45 creatures vanquished.

Vanquished Creatures (collateral kills)
  Pikel (D:6)
  Grinder (D:6)
  A slave (D:6)
  A phantom (D:4)
  2 ogres
  2 bullfrogs
  2 wights (D:4)
  2 crimson imps (D:5)
  A centaur skeleton (D:5)
  An orc priest (D:4)
  An iguana (D:6)
  Jessica (D:2)
  2 worker ants (D:4)
  2 orc wizards (D:4)
  4 gnolls (D:3)
  6 adders
  An ooze (D:3)
  An adder zombie (D:5)
  An adder skeleton (D:3)
  4 leopard geckos
  7 orcs (D:4)
  4 bats
  6 giant cockroaches
  3 goblins (D:3)
  6 hobgoblins
  4 jackals (D:2)
  6 kobolds
  3 rats
76 creatures vanquished.

Grand Total: 121 creatures vanquished

Notes
Turn   | Place    | Note
-------+----------+-------------------------------------------
     0 | D:1      | jinete the Deep Elf Wizard began the quest for the Orb.
     0 | D:1      | Reached XP level 1. HP: 10/10 MP: 7/7
   306 | D:1      | Reached XP level 2. HP: 15/15 MP: 4/9
   312 | D:1      | Learned a level 2 spell: Blink
   315 | D:1      | Learned a level 2 spell: Call Imp
   455 | D:1      | Reached skill level 5 in Spellcasting
  1417 | D:2      | Reached XP level 3. HP: 12/19 MP: 5/11
  1691 | D:2      | Noticed Jessica
  1923 | D:2      | Killed Jessica
  3351 | D:3      | Reached XP level 4. HP: 24/24 MP: 8/13
  3356 | D:3      | Learned a level 3 spell: Conjure Flame
  3360 | D:3      | Learned a level 3 spell: Mephitic Cloud
  4638 | D:4      | Found Paseit's General Store.
  4638 | D:4      | Found a burning altar of Makhleb.
  4750 | D:4      | Reached skill level 6 in Spellcasting
  4750 | D:4      | Reached XP level 5. HP: 28/28 MP: 7/15
  4764 | D:4      | Bought a scroll of amnesia for 49 gold pieces
  4922 | D:4      | Found Voxagulu's Armour Emporium.
  4936 | D:4      | Bought a +0 pair of boots for 45 gold pieces
  4998 | D:4      | Found Pimoeg's Distillery.
  5007 | D:4      | Bought a potion of curing for 42 gold pieces
  5038 | D:4      | Noticed a phantom
  5184 | D:4      | Killed a phantom
  5709 | D:4      | Reached XP level 6. HP: 33/33 MP: 9/17
  6053 | D:4      | Found Mehyt's Jewellery Shoppe.
  6295 | D:4      | Reached skill level 7 in Spellcasting
  6964 | D:4      | Found an opulent altar of Gozag.
  6982 | D:4      | Found a sacrificial altar of Ru.
  7055 | D:5      | Entered Level 5 of the Dungeon
  7076 | D:5      | Learned a level 1 spell: Animate Skeleton
  7167 | D:5      | Reached XP level 7. HP: 37/37 MP: 12/19
  7192 | D:5      | Got a shimmering trident
  7810 | D:5      | Found a staircase to the Ecumenical Temple.
  7824 | Temple   | Entered the Ecumenical Temple
  7841 | Temple   | Became a worshipper of Vehumet
  8009 | D:6      | Found a bloodstained altar of Trog.
  8047 | D:6      | Found a transporter.
  8052 | D:6      | Found a transporter.
  8053 | D:6      | Noticed peterlawrence's ghost (novice MiFi)
  8062 | D:6      | Noticed Pikel
  8401 | D:5      | Learned a level 1 spell: Confusing Touch
  8452 | D:6      | Killed Pikel
  8452 | D:6      | Reached skill level 1 in Fighting
  8452 | D:6      | Reached skill level 1 in Short Blades
  8452 | D:6      | Reached skill level 8 in Spellcasting
  8452 | D:6      | Reached skill level 5 in Summonings
  8503 | D:6      | Noticed a queen bee
  8600 | D:6      | Noticed Grinder
  8622 | D:6      | Paralysed by Grinder for 4 turns
  8633 | D:6      | Killed Grinder
  8633 | D:6      | Reached XP level 8. HP: 40/43 MP: 9/22
  8867 | D:6      | Found a white marble altar of Elyvilon.
  9027 | D:6      | Slain by a sky beast

Levels and vault maps discovered:
D:1:      matt_arrival_diagonals, layout_basic
D:2:      layout_loops_corners, corexii_leaking_fountain,
          kennysheep_generic_room_9, uniq_jessica
D:3:      layout_loops_cross
D:4:      layout_loops_ring, bloody_makhleb, amethyst_overflow_temple_binary,
          serial_shops, shop, shop, nicolae_shop_crystal, shop_fountains,
          first_ration
D:5:      layout_rooms, minmay_temple_entry_crystal_x
D:6:      layout_loops_ring, bloody_trog, kennysheep_mini_moat, kennysheep_mini,
          gammafunk_ghost_hive, solitary_fountain, minmay_tree_intersection,
          uniq_pikel, uniq_grinder, uniq_duvessa
Temple:   hc_temple_tempest_star

Skill      XL: |  1  2  3  4  5  6  7 |
---------------+----------------------+-----
Spellcasting   | 5 6 7 8 |  8.9
Dodging        | 3 |  3.8
Summonings     | 2 3 4 5 |  5.5
Conjurations   | 2 3 4 |  4.9
Stealth        | 3 |  3.6
Fighting       | 1 |  1.0
Short Blades   | 1 |  1.1
Translocations | |  1.1

Action                   |  1- 3 |  4- 6 |  7- 9 || total
-------------------------+-------+-------+-------++-------
Melee: Short sword       |    24 |    55 |    21 ||   100
       Unarmed           |     2 |       |       ||     2
 Cast: Magic Dart        |    40 |    62 |    49 ||   151
       Call Imp          |    35 |    83 |    50 ||   168
       Blink             |     2 |       |       ||     2
       Conjure Flame     |       |     1 |       ||     1
       Mephitic Cloud    |       |       |     2 ||     2
  Use: Scroll            |       |     5 |     4 ||     9
       Potion            |       |     1 |       ||     1
 Stab: Distracted        |       |       |     1 ||     1
  Eat: Chunk             |     3 |     7 |     4 ||    14
       Ration            |     1 |     2 |       ||     3
Armor: Robe              |    20 |    34 |     8 ||    62
Dodge: Dodged            |    52 |    55 |    38 ||   145
       Deflected         |     3 |     2 |     2 ||     7
Block: Other             |       |       |    13 ||    13
       Reflection        |       |       |     1 ||     1
